NCAA
GEORGETOWN HOYAS @ MISSISSIPPI STATE BULLDOGS
04/24/2026
 
TOP OF THE 1ST
Georgetown Hoyas batting - Pitching for Mississippi State Bulldogs : RHP Miguel Ramírez
Pitching: RHP Miguel Ramírez
Batting: RHB Bob Lee 0-0: Fly out, F9 (Flyball, 9S)
Batting: LHB José De La Cruz 0-0: Ball
1-0: Ball
2-0: Ball
3-0: Called Strike
3-1: Foul Ball, location: 2F
3-2: Base on Balls
Batting: RHB Hubert MacDonald 0-0: Called Strike
0-1: Ball
1-1: Ball
2-1: Ball
3-1: Called Strike
3-2: Foul Ball, location: 2F
3-2: Grounds into double play, 5-4-3 (Groundball, 5)
Top of the 1st over - 0 run(s), 0 hit(s), 0 error(s), 0 left on base; Georgetown 0 - Mississippi State 0
BOTTOM OF THE 1ST
Mississippi State Bulldogs batting - Pitching for Georgetown Hoyas : RHP Kyle O'Brien
Pitching: RHP Kyle O'Brien
Batting: RHB Josh Randall 0-0: Ball
1-0: Ball
2-0: Ball
3-0: Called Strike
3-1: Base on Balls
Batting: RHB Jeremy Davis 0-0: Ball
1-0: Ball
2-0: Ball
3-0: Called Strike
3-1: Base on Balls
Josh Randall to second
Batting: RHB Eric Thompson 0-0: Hit by Pitch
Josh Randall to third
Jeremy Davis to second
Batting: RHB Larry Beauregard 0-0: Fly out, F3 (Popup, 13)
Batting: LHB Lúcio Gómez 0-0: Ball
1-0: Called Strike
1-1: Swinging Strike
1-2: GRAND SLAM HOME RUN (Flyball, 9LD), Distance : 333 ft
Batting: RHB Woody Wright 0-0: Called Strike
0-1: Swinging Strike
0-2: Ball
1-2: Ball
2-2: Ball
3-2: Base on Balls
Batting: LHB Darren Cook 0-0: Foul Ball, location: 2F
0-1: SINGLE (Flyball, 7S)
Woody Wright to second
Batting: LHB Marvin Nichols 0-0: Foul Ball, location: 2F
0-1: Fielders Choice at 2nd, 1-6 (Groundball, 25)
Woody Wright to third
Batting: LHB Pat Williams 0-0: Called Strike
0-1: 3-RUN HOME RUN (Line Drive, 9D), Distance : 364 ft
Batting: RHB Josh Randall 0-0: Ball
1-0: Foul Ball, location: 2F
1-1: Ball
2-1: Foul Ball, location: 2F
2-2: Foul Ball, location: 2F
2-2: Foul Ball, location: 2F
2-2: Strikes out swinging
Bottom of the 1st over - 7 run(s), 3 hit(s), 0 error(s), 0 left on base; Georgetown 0 - Mississippi State 7
TOP OF THE 2ND
Georgetown Hoyas batting - Pitching for Mississippi State Bulldogs : RHP Miguel Ramírez
Batting: LHB Ken Bullard 0-0: Ball
1-0: Fly out, F8 (Flyball, 8LM)
Batting: RHB Glenn Rojas 0-0: Swinging Strike
0-1: Called Strike
0-2: Strikes out swinging
Batting: RHB Brian Harvey 0-0: Foul Ball, location: 2F
0-1: Ball
1-1: SINGLE (Groundball, 6MD)
Batting: LHB Chris Smith 0-0: Ball
1-0: Ball
2-0: Swinging Strike
2-1: Ball
3-1: DOUBLE (Line Drive, 3)
Brian Harvey to third
Runner from 3rd tries for Home, SAFE, no throw or cutoff
Batting: LHB Robinson Ordóñez 0-0: Called Strike
0-1: Ball
1-1: Foul Ball, location: 2F
1-2: Strikes out swinging
Top of the 2nd over - 1 run(s), 2 hit(s), 0 error(s), 1 left on base; Georgetown 1 - Mississippi State 7
BOTTOM OF THE 2ND
Mississippi State Bulldogs batting - Pitching for Georgetown Hoyas : RHP Kyle O'Brien
Batting: RHB Jeremy Davis 0-0: Called Strike
0-1: Ball
1-1: Swinging Strike
1-2: Foul Ball, location: 2F
1-2: Strikes out swinging
Batting: RHB Eric Thompson 0-0: Called Strike
0-1: Foul Ball, location: 2F
0-2: Ball
1-2: Ball
2-2: Foul Ball, location: 2F
2-2: Foul Ball, location: 2F
2-2: Ball
3-2: Base on Balls
Batting: RHB Larry Beauregard 0-0: Ball
Eric Thompson steals 2nd base
1-0: Called Strike
1-1: Called Strike
1-2: Strikes out swinging
Batting: LHB Lúcio Gómez 0-0: Ball
1-0: Ball
2-0: Ball
3-0: Base on Balls
Batting: RHB Woody Wright 0-0: Hit by Pitch
Eric Thompson to third
Lúcio Gómez to second
Batting: LHB Darren Cook 0-0: Called Strike
0-1: Foul Ball, location: 2F
0-2: Fly out, F7 (Flyball, 78S)
Bottom of the 2nd over - 0 run(s), 0 hit(s), 0 error(s), 3 left on base; Georgetown 1 - Mississippi State 7
TOP OF THE 3RD
Georgetown Hoyas batting - Pitching for Mississippi State Bulldogs : RHP Miguel Ramírez
Batting: LHB Preston Leach Single, Error in OF, E7, batter to second base
Batting: RHB Bob Lee 0-0: Ground out 4-3 (Groundball, 4)
Preston Leach to third
Batting: LHB José De La Cruz 0-0: Called Strike
0-1: Ball
1-1: Foul Ball, location: 2F
1-2: Ball
2-2: Fly out, F4 (Popup, 4D)
Batting: RHB Hubert MacDonald 0-0: Called Strike
0-1: Foul Ball, location: 2F
0-2: Ball
1-2: Foul Ball, location: 2F
1-2: Ball
2-2: Strikes out swinging
Top of the 3rd over - 0 run(s), 1 hit(s), 1 error(s), 1 left on base; Georgetown 1 - Mississippi State 7
BOTTOM OF THE 3RD
Mississippi State Bulldogs batting - Pitching for Georgetown Hoyas : RHP Kyle O'Brien
Batting: LHB Marvin Nichols 0-0: Swinging Strike
0-1: Called Strike
0-2: Foul Ball, location: 2F
0-2: Foul Ball, location: 2F
0-2: Ball
1-2: Foul Ball, location: 2F
1-2: Foul Ball, location: 2F
1-2: Ground out 4-3 (Groundball, 34)
Batting: LHB Pat Williams 0-0: Ball
1-0: Ball
2-0: Ball
3-0: Base on Balls
Batting: RHB Josh Randall 0-0: Fly out, F8 (Flyball, 8LXD)
Batting: RHB Jeremy Davis 0-0: Foul Ball, location: 2F
0-1: Foul Ball, location: 2F
0-2: Ball
1-2: Ball
2-2: Foul Ball, location: 2F
2-2: Foul Ball, location: 2F
2-2: Ball
3-2: Base on Balls
Pat Williams to second
Batting: RHB Eric Thompson 0-0: Ball
1-0: Foul Ball, location: 2F
1-1: Ball
2-1: Foul Ball, location: 2F
2-2: Ball
3-2: Foul Ball, location: 2F
3-2: Ground out 1-3 (Groundball, 13S)
Bottom of the 3rd over - 0 run(s), 0 hit(s), 0 error(s), 2 left on base; Georgetown 1 - Mississippi State 7
TOP OF THE 4TH
Georgetown Hoyas batting - Pitching for Mississippi State Bulldogs : RHP Miguel Ramírez
Batting: LHB Ken Bullard 0-0: Called Strike
0-1: Hit by Pitch
Batting: RHB Glenn Rojas 0-0: Swinging Strike
0-1: Called Strike
0-2: Ball
1-2: Strikes out looking
Batting: RHB Brian Harvey 0-0: Ball
1-0: Ball
2-0: Ball
3-0: Foul Ball, location: 2F
3-1: Swinging Strike
3-2: Base on Balls
Ken Bullard to second
Batting: LHB Chris Smith 0-0: Ball
1-0: Ball
2-0: Called Strike
2-1: Foul Ball, location: 2F
2-2: Ball
3-2: Fly out, F9 (Flyball, 9M)
Batting: LHB Robinson Ordóñez 0-0: Ball
1-0: Foul Ball, location: 2F
1-1: Ball
2-1: Foul Ball, location: 2F
2-2: Strikes out swinging
Top of the 4th over - 0 run(s), 0 hit(s), 0 error(s), 2 left on base; Georgetown 1 - Mississippi State 7
BOTTOM OF THE 4TH
Mississippi State Bulldogs batting - Pitching for Georgetown Hoyas : RHP Kyle O'Brien
Batting: RHB Larry Beauregard 0-0: Fly out, F7 (Flyball, 7M)
Batting: LHB Lúcio Gómez 0-0: Ball
1-0: Called Strike
1-1: Ball
2-1: Foul Ball, location: 2F
2-2: Strikes out swinging
Batting: RHB Woody Wright 0-0: Ball
1-0: Ball
2-0: Ball
3-0: Called Strike
3-1: DOUBLE (Line Drive, 9LM)
Batting: LHB Darren Cook 0-0: Ball
Wild Pitch!
Woody Wright to third
1-0: Ball
2-0: Called Strike
2-1: Swinging Strike
2-2: Ground out 4-3 (Groundball, 4)
Bottom of the 4th over - 0 run(s), 1 hit(s), 0 error(s), 1 left on base; Georgetown 1 - Mississippi State 7
TOP OF THE 5TH
Georgetown Hoyas batting - Pitching for Mississippi State Bulldogs : RHP Miguel Ramírez
Batting: LHB Preston Leach 0-0: Ball
1-0: Ball
2-0: Ball
3-0: Called Strike
3-1: Ground out 4-3 (Groundball, 34)
Batting: RHB Bob Lee 0-0: Ball
1-0: Called Strike
1-1: Ball
2-1: Foul Ball, location: 2F
2-2: Strikes out swinging
Batting: LHB José De La Cruz 0-0: Ball
1-0: Ground out 4-3 (Groundball, 13)
Top of the 5th over - 0 run(s), 0 hit(s), 0 error(s), 0 left on base; Georgetown 1 - Mississippi State 7
BOTTOM OF THE 5TH
Mississippi State Bulldogs batting - Pitching for Georgetown Hoyas : RHP Kyle O'Brien
Pitching: RHP Alejandro Palácios
Batting: LHB Marvin Nichols 0-0: Swinging Strike
0-1: Fly out, F6 (Line Drive, 6)
Pitching: RHP Don Jones
Batting: LHB Pat Williams 0-0: Called Strike
0-1: Ground out 6-3 (Groundball, 6M)
Batting: RHB Josh Randall 0-0: Ball
1-0: SINGLE (Line Drive, 8LS)
Batting: RHB Jeremy Davis 0-0: Ball
1-0: Called Strike
1-1: Ball
2-1: Foul Ball, location: 2F
2-2: Foul Ball, location: 2F
2-2: Ball
3-2: Base on Balls
Josh Randall to second
Batting: RHB Eric Thompson 0-0: Called Strike
0-1: Swinging Strike
0-2: Ball
1-2: Ball
2-2: Foul Ball, location: 2F
2-2: Foul Ball, location: 2F
2-2: Ball
3-2: Foul Ball, location: 2F
3-2: Foul Ball, location: 2F
3-2: 3-RUN HOME RUN (Flyball, 7D), Distance : 351 ft
Batting: RHB Larry Beauregard 0-0: Ball
1-0: Ball
2-0: Called Strike
2-1: SINGLE (Groundball, 6MD)
Batting: LHB Lúcio Gómez 0-0: SINGLE (Groundball, 34)
Larry Beauregard to second
Runner from 2nd tries for 3rd, SAFE, no throw or cutoff
Pitching: RHP Brandon Lee
Batting: RHB Woody Wright 0-0: Ball
1-0: Swinging Strike
1-1: DOUBLE (Groundball, 5L)
Larry Beauregard scores
Lúcio Gómez to third
Batting: LHB Darren Cook 0-0: Fly out, F7 (Flyball, 7LM)
Bottom of the 5th over - 4 run(s), 5 hit(s), 0 error(s), 2 left on base; Georgetown 1 - Mississippi State 11
TOP OF THE 6TH
Georgetown Hoyas batting - Pitching for Mississippi State Bulldogs : RHP Miguel Ramírez
Batting: RHB Hubert MacDonald 0-0: Ball
1-0: Ground out 5-3 (Groundball, 5L)
Pitching: LHP José Rodríguez
Batting: LHB Ken Bullard 0-0: Swinging Strike
0-1: Ball
1-1: Swinging Strike
1-2: Ball
2-2: Foul Ball, location: 2F
2-2: Fly out, F7 (Flyball, 7S)
Batting: RHB Glenn Rojas 0-0: Called Strike
0-1: Ball
1-1: Foul Ball, location: 2F
1-2: SINGLE (Groundball, 34D)
Pinch Hitting: LHB Matt McCormick 0-0: Ball
1-0: 2-RUN HOME RUN (Flyball, 9LD), Distance : 318 ft
Batting: LHB Chris Smith 0-0: Ball
1-0: Called Strike
1-1: Called Strike
1-2: Ground out 4-3 (Groundball, 4)
Top of the 6th over - 2 run(s), 2 hit(s), 0 error(s), 0 left on base; Georgetown 3 - Mississippi State 11
BOTTOM OF THE 6TH
Mississippi State Bulldogs batting - Pitching for Georgetown Hoyas : RHP Brandon Lee
Pitching: LHP Joseph Elliott
Now at 2B: James Anderson
Batting: LHB Marvin Nichols 0-0: Ball
1-0: Called Strike
1-1: Swinging Strike
1-2: Ball
2-2: SINGLE (Line Drive, 5D)
Batting: LHB Pat Williams 0-0: Foul Ball, location: 2F
0-1: Foul Ball, location: 2F
0-2: Fielders Choice at 2nd, 4-6 (Groundball, 4)
Batting: RHB Josh Randall 0-0: Ball
1-0: Ball
2-0: Ball
3-0: Base on Balls
Pat Williams to second
Batting: RHB Jeremy Davis 0-0: Ball
1-0: Ball
2-0: Fly out, F8 (Flyball, 8LM)
Batting: RHB Eric Thompson 0-0: Ball
1-0: Called Strike
1-1: Ball
2-1: Foul Ball, location: 2F
2-2: Ball
3-2: Base on Balls
Pat Williams to third
Josh Randall to second
Batting: RHB Larry Beauregard 0-0: Ball
1-0: Swinging Strike
1-1: Fly out, F8 (Flyball, 8LM)
Bottom of the 6th over - 0 run(s), 1 hit(s), 0 error(s), 3 left on base; Georgetown 3 - Mississippi State 11
TOP OF THE 7TH
Georgetown Hoyas batting - Pitching for Mississippi State Bulldogs : LHP José Rodríguez
Batting: LHB Robinson Ordóñez 0-0: Called Strike
0-1: Called Strike
0-2: Strikes out swinging
Batting: LHB Preston Leach 0-0: SINGLE (Groundball, 6MD)
Batting: RHB Bob Lee 0-0: Fielders Choice at 2nd, 1-6 (Groundball, 15)
Batting: LHB José De La Cruz 0-0: Ball
1-0: Foul Ball, location: 2F
1-1: Ball
2-1: Ball
3-1: Base on Balls
Bob Lee to second
Batting: RHB Hubert MacDonald 0-0: SINGLE (Line Drive, 56D)
Bob Lee to third
José De La Cruz to second
Runner from 3rd tries for Home, SAFE, no throw or cutoff
Batting: LHB Ken Bullard 0-0: Ball
1-0: Swinging Strike
1-1: Called Strike
1-2: Foul Ball, location: 2F
1-2: Ball
2-2: Strikes out swinging
Top of the 7th over - 1 run(s), 2 hit(s), 0 error(s), 2 left on base; Georgetown 4 - Mississippi State 11
BOTTOM OF THE 7TH
Mississippi State Bulldogs batting - Pitching for Georgetown Hoyas : LHP Joseph Elliott
Batting: LHB Lúcio Gómez 0-0: Foul Ball, location: 2F
0-1: Ball
1-1: Ball
2-1: SINGLE (Groundball, 4MD)
Batting: RHB Woody Wright 0-0: Ball
1-0: Ball
2-0: Bunt missed!
2-1: Sac Bunt - play at first, batter OUT! 3-4
Lúcio Gómez to second
Batting: LHB Darren Cook 0-0: Called Strike
0-1: Ball
1-1: Fly out, F4 (Line Drive, 4)
Batting: LHB Marvin Nichols 0-0: Called Strike
0-1: Ball
1-1: Ball
2-1: Ball
3-1: Foul Ball, location: 2F
3-2: Foul Ball, location: 2F
3-2: Base on Balls
Batting: LHB Pat Williams 0-0: Foul Ball, location: 2F
0-1: Swinging Strike
0-2: Ball
1-2: Foul Ball, location: 2F
1-2: Ball
2-2: SINGLE (Line Drive, 56D)
Lúcio Gómez to third
Marvin Nichols to second
Batting: RHB Josh Randall 0-0: TRIPLE (Line Drive, 89M)
Lúcio Gómez scores
Marvin Nichols scores
Pat Williams scores
Batting: RHB Jeremy Davis 0-0: Ball
1-0: Ball
2-0: Ball
3-0: Called Strike
3-1: Base on Balls
Batting: RHB Eric Thompson 0-0: Called Strike
0-1: Swinging Strike
0-2: Ball
1-2: Ball
2-2: SINGLE (Groundball, 4MD)
Josh Randall scores
Jeremy Davis to second
Runner from 2nd tries for 3rd, SAFE, no throw or cutoff
Batting: RHB Larry Beauregard 0-0: Ground out 6-3 (Groundball, 6)
Bottom of the 7th over - 4 run(s), 4 hit(s), 0 error(s), 2 left on base; Georgetown 4 - Mississippi State 15
TOP OF THE 8TH
Georgetown Hoyas batting - Pitching for Mississippi State Bulldogs : LHP José Rodríguez
Now at SS: Alfonso Romero
Batting: RHB Glenn Rojas 0-0: Called Strike
0-1: Called Strike
0-2: Ball
1-2: Ball
2-2: SINGLE (Groundball, 4M)
Batting: RHB James Anderson 0-0: Ball
1-0: Grounds into double play, 1-6-3 (Groundball, 13S)
Batting: LHB Chris Smith 0-0: Ball
1-0: Swinging Strike
1-1: Swinging Strike
1-2: Strikes out swinging
Top of the 8th over - 0 run(s), 1 hit(s), 0 error(s), 0 left on base; Georgetown 4 - Mississippi State 15
BOTTOM OF THE 8TH
Mississippi State Bulldogs batting - Pitching for Georgetown Hoyas : LHP Joseph Elliott
Batting: LHB Lúcio Gómez 0-0: Foul Ball, location: 2F
0-1: Foul Ball, location: 2F
0-2: Foul Ball, location: 2F
0-2: Ball
1-2: Foul Ball, location: 2F
1-2: Ground out 4-3 (Groundball, 34)
Pitching: RHP Mario López
Batting: RHB Woody Wright 0-0: Ball
1-0: Called Strike
1-1: Ball
2-1: Swinging Strike
2-2: Foul Ball, location: 2F
2-2: Strikes out swinging
Batting: LHB Darren Cook 0-0: Fly out, F5 (Popup, 5F)
Bottom of the 8th over - 0 run(s), 0 hit(s), 0 error(s), 0 left on base; Georgetown 4 - Mississippi State 15
TOP OF THE 9TH
Georgetown Hoyas batting - Pitching for Mississippi State Bulldogs : LHP José Rodríguez
Now at 2B: Jack Crawford
Batting: LHB Robinson Ordóñez 0-0: Called Strike
0-1: SOLO HOME RUN (Flyball, 9D), Distance : 348 ft
Pitching: RHP Rick Schneider
Batting: LHB Preston Leach 0-0: Called Strike
0-1: Foul Ball, location: 2F
0-2: Strikes out swinging
Batting: RHB Bob Lee 0-0: Swinging Strike
0-1: Foul Ball, location: 2F
0-2: Ball
1-2: Fly out, F9 (Flyball, 9M)
Batting: LHB José De La Cruz 0-0: SINGLE (Line Drive, 89S)
Batting: RHB Hubert MacDonald 0-0: Ground out 6-3 (Groundball, 6)
Top of the 9th over - 1 run(s), 2 hit(s), 0 error(s), 1 left on base; Georgetown 5 - Mississippi State 15
Monday, December 5th, 2016 - OOTP Baseball 17.12 Build 75